 Dungeon Sprint DCSS version 0.19.0-2-gae57169 (webtiles) character file.

555 poirepourri the Martial Artist (level 7, -10/55 HPs)
             Began as a Green Draconian Transmuter on Nov 3, 2016.
             Was a Follower of Okawaru.
             Mangled by Sonja
             ... wielding a +2 dagger of distortion
              (25 damage)
             ... in the Dungeon (Sprint I: "Red Sonja").
             The game lasted 00:04:16 (1145 turns).

poirepourri the Martial Artist (DrTm)               Turns: 1145, Time: 00:04:16

Health: -10/55     AC:  6    Str: 13    XL:     7   Next: 8%
Magic:  9/17       EV: 15    Int: 13    God:    Okawaru [*.....]
Gold:   97         SH:  0    Dex: 13    Spells: 5 memorised, 5 levels left

rFire  . . .     SeeInvis .       - Unarmed
rCold  . . .     Gourm    .     (armour unavailable)
rNeg   . . .     Faith    .     (shield currently unavailable)
rPois  +         Spirit   .     (helmet restricted)
rElec  .         Reflect  .     (no cloak)
rCorr  .         Harm     .     (gloves currently unavailable)
MR     .....     NoTele   +     (no boots)
Stlth  +.........               (no amulet)
                                (no ring)
                                l - ring of poison resistance

@: blade hands (expiring), very slightly contaminated
A: breathe noxious fumes, unfitting armour, poison resistance, cold-blooded, AC
+6
a: Breathe Noxious Fumes, End Transformation, Heroism, Renounce Religion


You were in the Dungeon.
You worshipped Okawaru.
Okawaru was aware of your devotion.
You were very full.
You had blades for hands.
You visited 1 branch You collected 297 gold pieces.
You spent 200 gold pieces at shops.

Inventory:

Armour
 j - a cursed +0 buckler
Jewellery
 l - a ring of poison resistance (left scythe-like blade)
Potions
 d - a potion of curing
 f - a potion of haste
 g - 2 potions of magic
 h - a potion of lignification {unknown}
Books
 b - a book of Changes

   Spells                             Type                      Level
   a - Beastly Appendage              Transmutation                1
   b - Sticks to Snakes               Transmutation                2
   c - Spider Form                    Transmutation/Poison         3
   d - Ice Form                       Ice/Transmutation            4
   e - Blade Hands                    Transmutation                5


   Skills:
 + Level 2.0 Fighting
 + Level 5.3 Dodging
 * Level 2.4 Shields
 + Level 9.2 Unarmed Combat
 + Level 7.3 Spellcasting
 + Level 7.8 Transmutations


You had 5 spell levels left.
You knew the following spells:

 Your Spells              Type           Power        Failure   Level  Hunger
a - Beastly Appendage     Tmut           ####..       14%         1    None
b - Sticks to Snakes      Tmut           ####....     14%         2    #......
c - Spider Form           Tmut/Pois      ###.......   50%         3    ##.....
d - Ice Form              Ice/Tmut       ###.....     77%         4    ####...
e - Blade Hands           Tmut           ####......   58%         5    ######.


Dungeon Overview and Level Annotations

Branches:
Dungeon (1/1)

Altars:
Cheibriados
Dithmenos
Elyvilon
Fedhas
Gozag
Hepliaklqana
Kikubaaqudgha
Makhleb
Nemelex Xobeh
Okawaru
Qazlal
Ru
Sif Muna
Trog
Uskayaw
Vehumet
Xom
Yredelemnul
Zin
The Shining One
Jiyva
Lugonu

Shops:
D =

Annotations:
D Sonja


Innate Abilities, Weirdness & Mutations

You can breathe blasts of noxious fumes.
Your lurid green scales are hard. (AC +6)
You cannot fit into any form of body armour.
Your system is resistant to poisons. (rPois)
You are cold-blooded and may be slowed by cold attacks.


Message History

You miss Sonja. Sonja closely misses you.
Sonja hits you with an uncursed dagger of distortion.
You feel a strange sense of stasis. Sonja hits you but does no damage.
Space bends around you.
Sonja gestures wildly while chanting.
Sonja blinks!
Sonja unwields an uncursed dagger of distortion.
Its appearance distorts for a moment.
Sonja wields an uncursed blowgun.
Sonja shoots a curare-tipped needle.
The curare-tipped needle barely misses you.
Your transformation is almost over.
Sonja unwields an uncursed blowgun.
Sonja wields an uncursed dagger of distortion.
Its appearance distorts for a moment.
Sonja hits you with an uncursed dagger of distortion.
You feel a strange sense of stasis.
Sonja hits you with an uncursed dagger of distortion.
* * * LOW HITPOINT WARNING * * *
Space warps horribly around you!
You die...

###################
#<.#.)'..#..'..#__#
#..').#..').#..'..+
#..#####'#####'#__#
#..####..#...#)####
#..#__####..##.#
#..#_____##'#..+
#⌠⌠#_.K@.§'((._#
####_..__##_(#'#
#_____###(#.#
####### #.### $.$
#$.$# ##.## #+#


You could see Sonja.

Vanquished Creatures
  A slime creature (D)
  Sigmund (D)
  A yak (D)
  An ogre (D)
  Ijyb (D)
5 creatures vanquished.

Vanquished Creatures (collateral kills)
  A jelly (D)
1 creature vanquished.

Vanquished Creatures (others)
  A gargoyle (D)
1 creature vanquished.

Grand Total: 7 creatures vanquished

Notes
Turn   | Place    | Note
-------+----------+-------------------------------------------
     0 | D        | poirepourri the Draconian Transmuter began the quest for the Orb.
     0 | D        | Reached XP level 1. HP: 16/16 MP: 3/3
     5 | D        | Noticed Ijyb
    41 | D        | Killed Ijyb
    41 | D        | Reached skill level 4 in Unarmed Combat
    41 | D        | Reached XP level 2. HP: 8/23 MP: 3/6
   306 | D        | Learned a level 2 spell: Sticks to Snakes
   313 | D        | Noticed an ogre
   322 | D        | Killed an ogre
   322 | D        | Reached skill level 6 in Unarmed Combat
   322 | D        | Reached XP level 3. HP: 28/28 MP: 2/8
   322 | D        | Reached XP level 4. HP: 35/35 MP: 2/10
   475 | D        | Noticed Sigmund
   486 | D        | Killed Sigmund
   486 | D        | Reached skill level 7 in Unarmed Combat
   486 | D        | Reached skill level 5 in Spellcasting
   486 | D        | Reached skill level 5 in Transmutations
   486 | D        | Reached XP level 5. HP: 40/40 MP: 2/13
   541 | D        | Killed a gargoyle
   569 | D        | Learned a level 3 spell: Spider Form
   574 | D        | Learned a level 4 spell: Ice Form
   580 | D        | Learned a level 5 spell: Blade Hands
   580 | D        | Found a deep blue altar of Sif Muna.
   582 | D        | Found a radiant altar of Vehumet.
   588 | D        | Reached skill level 8 in Unarmed Combat
   629 | D        | Found Camolora's Jewellery Emporium.
   629 | D        | Found an ancient bone altar of Kikubaaqudgha.
   629 | D        | Found a hazy altar of Hepliaklqana.
   629 | D        | Found a stormy altar of Qazlal.
   629 | D        | Found a hide-covered altar of Uskayaw.
   629 | D        | Found a blossoming altar of Fedhas.
   629 | D        | Found a bloodstained altar of Trog.
   629 | D        | Found an iron altar of Okawaru.
   629 | D        | Found a basalt altar of Yredelemnul.
   629 | D        | Found a glowing golden altar of the Shining One.
   629 | D        | Found a snail-covered altar of Cheibriados.
   629 | D        | Found a sacrificial altar of Ru.
   629 | D        | Found a glowing silver altar of Zin.
   629 | D        | Found a shadowy altar of Dithmenos.
   629 | D        | Found a white marble altar of Elyvilon.
   629 | D        | Noticed a yak
   640 | D        | Killed a yak
   640 | D        | Reached skill level 5 in Dodging
   640 | D        | Reached XP level 6. HP: 19/48 MP: 10/15
   642 | D        | Found an opulent altar of Gozag.
   643 | D        | Found a sparkling altar of Nemelex Xobeh.
   647 | D        | Bought an uncursed ring of poison resistance for 200 gold pieces
   885 | D        | Became a worshipper of Warmaster Okawaru
   906 | D        | Found a burning altar of Makhleb.
   906 | D        | Found a viscous altar of Jiyva.
   906 | D        | Found a shimmering altar of Xom.
   906 | D        | Found a corrupted altar of Lugonu.
   906 | D        | Noticed a slime creature
   926 | D        | Killed a slime creature
   926 | D        | Reached * piety under Okawaru
   926 | D        | Reached skill level 9 in Unarmed Combat
   926 | D        | Your scales start taking on a lurid green colour.
   926 | D        | Reached XP level 7. HP: 20/55 MP: 12/17
   926 | D        | Gained mutation: Your system is resistant to poisons. (rPois) [Green Draconian growth]
  1133 | D        | Noticed Sonja
  1145 | D        | Mangled by Sonja

Skill      XL: |  1  2  3  4  5  6 |
---------------+-------------------+-----
Dodging        | 3 4 5 |  5.3
Unarmed Combat | 4 6 7 8 9 |  9.2
Spellcasting   | 3 4 5 6 7 |  7.3
Transmutations | 4 5 7 |  7.8
Fighting       | 2 |  2.0
Shields        | 2 |  2.4

Action                   |  1- 3 |  4- 6 |  7- 9 || total
-------------------------+-------+-------+-------++-------
Melee: Unarmed           |    38 |    26 |     4 ||    68
       Kick              |     5 |       |       ||     5
       Headbutt          |     3 |     6 |       ||     9
       Tailslap          |     3 |     5 |       ||     8
 Cast: Beastly Appendage |     4 |     5 |       ||     9
       Sticks to Snakes  |     2 |     9 |       ||    11
       Blade Hands       |       |       |     1 ||     1
  Use: Potion            |     1 |     1 |       ||     2
       Scroll            |       |     1 |       ||     1
  Eat: Meat ration       |       |       |     1 ||     1
       Bread ration      |       |       |     1 ||     1
Armor: Skin              |     2 |     2 |     5 ||     9
Dodge: Dodged            |    20 |    14 |     9 ||    43
